 Seeded DCSS version 0.28-a0-973-ga7f8b01127 (webtiles) character file.

Game seed: 319261683642729223 (custom seed)

2468 croobank the Protected (level 9, -34/71 HPs)
             Began as a Demigod Fighter on Dec 2, 2021.
             Killed by an exploding vampire mosquito (37 damage)
             ... ignited by their inner flame
             ... on level 5 of the Dungeon.
             The game lasted 00:33:03 (6309 turns).

croobank the Protected (Demigod Fighter)            Turns: 6309, Time: 00:33:04

Health: -34/71     AC: 15    Str: 31    XL:     9   Next: 6%
Magic:  0/11       EV:  8    Int: 10    God:
Gold:   112        SH:  5    Dex: 17    Spells: 8/8 levels left

rFire   . . .      SeeInvis .   a - +1 falchion (vamp)
rCold   . . .      Faith    .   c - +0 buckler
rNeg    . . .      Spirit   +   l - +0 plate armour
rPois   .          Reflect  .   (no helmet)
rElec   .          Harm     .   (no cloak)
rCorr   .          Rampage  .   (no gloves)
Will    .....                   y - +0 pair of boots
Stlth   ..........              f - amulet of guardian spirit
HPRegen 0.21/turn               q - +6 ring of strength
MPRegen 0.12/turn               (no ring)

@: silenced (expiring)
A: high mp 1, forlorn, divine attributes
a: no special abilities


You were on level 5 of the Dungeon.
You visited 1 branch of the dungeon, and saw 7 of its levels.

You collected 372 gold pieces.
You spent 260 gold pieces at shops.

Inventory:

Hand Weapons
 a - a +1 vampiric falchion (weapon)
 b - a +0 hand crossbow
 e - a +3 short sword
 k - a +0 long sword
 w - a +2 spectral quarterstaff
 x - a +0 shortbow
 z - a +0 arbalest
Missiles
 d - 57 bolts
 i - 58 arrows
 j - 185 stones (quivered)
 B - a throwing net
Armour
 c - a +0 buckler (worn)
 l - a +0 plate armour (worn)
 p - a +0 scale mail
 y - a +0 pair of boots (worn)
Jewellery
 f - an amulet of guardian spirit (around neck)
 o - an amulet of guardian spirit
 q - a +6 ring of strength (left hand)
Wands
 u - a wand of polymorph (4)
Scrolls
 t - a scroll of summoning {unknown}
 v - a scroll of torment {unknown}
Potions
 g - 3 potions of flight
 h - a potion of cancellation
 m - a potion of ambrosia


   Skills:
 - Level 4.1 Fighting
 - Level 6.2 Long Blades
 - Level 1.2 Throwing
 + Level 9.2 Armour
 - Level 0.8 Dodging
 - Level 0.2 Stealth
 - Level 3.3 Shields


You had 8 spell levels left.
You didn't know any spells.
Your spell library contained the following spells:

 Spells                   Type           Power      Damage    Failure   Level
 Apportation              Tloc           0%         N/A       96%         1
 Alistair's Intoxication  Tmut/Pois      0%         N/A       100%        5


Dungeon Overview and Level Annotations

Branches:
Dungeon (7/15)             Temple (0/1) D:4

Shops:
D:3 (   D:5 *   D:6 (   D:7 *

Annotations:
D:4 2 transporters


Innate Abilities, Weirdness & Mutations

You have an increased reservoir of magic. (+10% MP)
You shall have no god before yourself.
Your divine heritage dramatically boosts your attributes as you level up.


Message History

You block the vampire mosquito's attack.
The vampire mosquito bites you but does no damage.
You block the vampire mosquito's attack.
The vampire mosquito bites you!
* * * LOW HITPOINT WARNING * * *
The vampire mosquito draws strength from your injuries!
The vampire mosquito bites you.
* * * LOW HITPOINT WARNING * * *
The vampire mosquito draws strength from your injuries!
The vampire mosquito bites you.
* * * LOW HITPOINT WARNING * * *
The vampire mosquito draws strength from your injuries!
You miss the vampire mosquito.
You block the vampire mosquito's attack.
The vampire mosquito bites you but does no damage.
You hit the vampire mosquito.
Flame seeps out of the vampire mosquito.
The vampire mosquito is lightly damaged.
The vampire mosquito is engulfed in blazing flames.
Flame seeps out of the vampire mosquito.
You block the vampire mosquito's attack.
The vampire mosquito is engulfed in blazing flames.
Flame seeps out of the vampire mosquito.
You block the vampire mosquito's attack.
The vampire mosquito is engulfed in blazing flames.
Flame seeps out of the vampire mosquito.
You block the vampire mosquito's attack.
The vampire mosquito bites you but does no damage.
The vampire mosquito bites you.
* * * LOW HITPOINT WARNING * * *
The vampire mosquito draws strength from your injuries!
The vampire mosquito barely misses you.
The vampire mosquito bites you but does no damage.
The vampire mosquito bites you but does no damage.
There is a stone staircase leading down here.
You slash the vampire mosquito!
The vampire mosquito explodes!
The fiery explosion engulfs you!!!
Ouch! That really hurt!
You die...

..## #.# ##. ### #.# #########..
##############.########..........
...............................<.
##############.#######...........
....# #..# ##........... ###.##
##§# ##..######.###
#..##########§####.....##......
##..........#.@##............#.
##########..#.#.............).
####...........................).
.....#########<................))
≈....# #.###.##..........#.
♣♣...# #.# #..##...#.......
≈≈♣♣.# #.# ##.....##..#..##
≈P≈≈♣### #.# #####..##......
♣P≈♣♣..# ####.# ###......###


There were no monsters in sight!

Vanquished Creatures
  6 yaks (D:7)
  A vampire mosquito (D:5)
  Duvessa (D:4)
  An orc warrior (D:7)
  A sky beast (D:5)
  An ogre (D:5)
  2 centaurs
  5 scorpions
  A wyvern zombie (D:4)
  A wyvern skeleton (D:7)
  Dowan (D:4)
  A water moccasin skeleton (D:7)
  A centaur zombie (D:6)
  A centaur skeleton (D:5)
  4 orc priests
  3 jellies (D:2)
  3 iguanas
  2 orc wizards
  6 adders
  A shadow imp (D:5)
  An adder skeleton (D:4)
  A worm (D:2)
  2 dart slugs
  12 orcs
  6 bats
  13 endoplasms
  3 giant cockroaches
  A goblin (D:4)
  5 hobgoblins
  15 kobolds
  4 quokkas
  4 ball pythons
  2 frilled lizards (D:3)
  4 rats
116 creatures vanquished.

Vanquished Creatures (others)
  An orc wizard (D:4)
  An orc (D:5)
  2 fungi (D:2)
  8 toadstools (D:2)
12 creatures vanquished.

Grand Total: 128 creatures vanquished

Notes
Turn   | Place    | Note
-------+----------+-------------------------------------------
     0 | D:1      | croobank the Demigod Fighter began the quest for the Orb.
     0 | D:1      | Reached XP level 1. HP: 18/18 MP: 3/3
    94 | D:1      | Reached skill level 3 in Armour
   140 | D:1      | Reached XP level 2. HP: 21/25 MP: 4/4
   973 | D:2      | Reached XP level 3. HP: 31/31 MP: 5/5
  1624 | D:2      | Reached XP level 4. HP: 36/38 MP: 4/6
  2100 | D:3      | Found Ystrisenn's Weapon Shop.
  2110 | D:3      | Bought a +0 arbalest for 58 gold pieces
  2220 | D:3      | Reached XP level 5. HP: 45/45 MP: 5/7
  2705 | D:4      | Found a staircase to the Ecumenical Temple.
  2773 | D:4      | Reached XP level 6. HP: 34/51 MP: 5/8
  3683 | D:4      | Reached skill level 4 in Armour
  3684 | D:4      | Reached skill level 5 in Long Blades
  4151 | D:4      | Noticed Dowan
  4165 | D:4      | Killed Dowan
  4165 | D:4      | Noticed Duvessa
  4166 | D:4      | Reached XP level 7. HP: 49/58 MP: 7/9
  4185 | D:4      | Killed Duvessa
  4451 | D:4      | Found a transporter.
  4487 | D:4      | Found a transporter.
  4814 | D:5      | Entered Level 5 of the Dungeon
  4890 | D:5      | Found Xiwukh's General Store.
  4899 | D:5      | Bought 2 potions of heal wounds for 150 gold pieces
  5033 | D:5      | Reached skill level 5 in Armour
  5306 | D:6      | Reached skill level 1 in Throwing
  5415 | D:5      | Reached XP level 8. HP: 66/66 MP: 10/10
  5541 | D:6      | Reached skill level 6 in Armour
  5691 | D:7      | Found Lefitaucsi's General Store.
  5694 | D:7      | Bought a scroll of fear for 52 gold pieces
  5772 | D:7      | Reached skill level 7 in Armour
  5796 | D:7      | Reached skill level 8 in Armour
  5814 | D:7      | Reached skill level 9 in Armour
  5971 | D:7      | Reached XP level 9. HP: 39/71 MP: 6/11
  6245 | D:6      | Found Siotoepn's Weapon Shoppe.
  6304 | D:5      | HP: 2/71 [vampire mosquito (4)]
  6309 | D:5      | Killed by an exploding vampire mosquito... ignited by their
                  | inner flame

Illustrated notes

Levels and vault maps discovered:
D:1:      kennysheep_arrival_seaside, layout_rooms,
          ebering_ecumenical_altar_petrified, minmay_split_cup_large
D:2:      cheibrodos_fertilizer, layout_basic
D:3:      layout_loops_cross, serial_shops, shop_fountains
D:4:      gammafunk_cloud_chamber, layout_rooms,
          nicolae_overflow_hallway_of_the_gods, minmay_temple_entry_mini_moons,
          grunt_ministairs_9, uniq_duvessa
D:5:      layout_rooms, serial_shops, shop, serial_bayou_lake_a
D:6:      layout_gridville, serial_shops, nicolae_shop_bloodbath_and_beyond,
          uniq_grinder
D:7:      minmay_opposing_rooms, layout_loops_ring, serial_shops,
          kennysheep_mini_moat, chequers_serial_rivers_small_a, minivault_23,
          minmay_holes

Skill      XL: |  1  2  3  4  5  6  7  8 |
---------------+-------------------------+-----
Armour         | 3 4 5 9 |  9.2
Fighting       | 3 4 |  4.1
Long Blades    | 2 3 4 5 6 |  6.2
Shields        | 3 |  3.3
Throwing       | 1 |  1.2
Dodging        | |  0.8
Stealth        | |  0.2

Action                   |  1- 3 |  4- 6 |  7- 9 || total
-------------------------+-------+-------+-------++-------
Melee: Long sword        |    37 |       |       ||    37
       Falchion          |    75 |   201 |   219 ||   495
 Fire: Hand crossbow     |       |       |     3 ||     3
Throw: Stone             |       |     1 |     1 ||     2
  Use: Scroll            |     1 |     6 |     4 ||    11
       Potion            |     1 |     4 |     7 ||    12
Armor: Scale mail        |    58 |    19 |       ||    77
       Plate armour      |       |    93 |   198 ||   291
Dodge: Dodged            |    53 |    75 |   111 ||   239
Block: Buckler           |    31 |    31 |    84 ||   146

Table legend: (Time is in decaauts)
 A = Elapsed time spent in this place.
 B = Non-inter-level travel time spent in this place.
 C = Inter-level travel time spent in this place.
 D = Time resting spent in this place.
 E = Time spent auto-exploring this place.
 F = Levels seen in this place.
 G = Mean time per level.
                   A        B        C        D        E       F      G
               +--------+--------+--------+--------+--------+-----+--------+
         Total |   6439 |   6310 |    129 |   1607 |   3238 |   7 |  919.9 |
       Dungeon |   6439 |   6310 |    129 |   1607 |   3238 |   7 |  919.9 |
               +--------+--------+--------+--------+--------+-----+--------+

Top non-repeatable levels by time:
     D:3: 1725 daAuts
     D:2: 1520 daAuts
     D:4: 1069 daAuts
     D:5: 691 daAuts
     D:7: 675 daAuts
     D:1: 569 daAuts
     D:6: 186 daAuts
